 Dungeon Crawl Stone Soup version 0.24.1-1-gd1d2a07e1b (webtiles) character file.

Game seed: 10755583641222383427, levelgen mode: deterministic

763 raph the Cleaver (level 7, 0/63 HPs)
             Began as a Hill Orc Monk on Apr 11, 2020.
             Was a Believer of Beogh.
             Slain by a sky beast (5 damage)
             ... on level 5 of the Dungeon.
             The game lasted 00:10:33 (5412 turns).

raph the Cleaver (Hill Orc Monk)                    Turns: 5412, Time: 00:10:34

Health: 0/63       AC:  7    Str: 14    XL:     7   Next: 81%
Magic:  7/7        EV: 19    Int: 10    God:    Beogh [**....]
Gold:   259        SH:  0    Dex: 20    Spells: 5/6 levels left

rFire    . . .     SeeInvis .   a - +1 hand axe
rCold    . . .     Gourm    .   (no shield)
rNeg     . . .     Faith    .   i - +3 leather armour
rPois    .         Spirit   .   (no helmet)
rElec    .         Reflect  .   (no cloak)
rCorr    .         Harm     .   (no gloves)
MR       .....                  v - +0 pair of boots
Stlth    +++.......             (no amulet)
HPRegen  0.20/turn              (no ring)
MPRegen  0.10/turn              (no ring)

@: agile
A: no striking features
a: Smiting, Renounce Religion


You were on level 5 of the Dungeon.
You worshipped Beogh.
Beogh was pleased with you.
You were not hungry.

You visited 1 branch of the dungeon, and saw 5 of its levels.
You also visited: Sewer.

You collected 259 gold pieces.

Inventory:

Hand Weapons
 a - a +1 hand axe (weapon)
Missiles
 d - 240 stones
 u - 10 javelins (quivered)
Armour
 g - a +0 ring mail
 i - a +3 leather armour (worn)
 v - a +0 pair of boots (worn)
Scrolls
 f - 3 scrolls of remove curse
 j - 2 scrolls of identify
 k - 3 scrolls of teleportation
 m - 2 scrolls of amnesia
 q - a scroll of blinking
 w - a scroll of magic mapping
Potions
 b - 2 potions of curing {unknown}
 e - 3 potions of invisibility
 h - a potion of flight
 l - a potion of agility
 n - 3 potions of berserk rage
 o - 3 potions of mutation {unknown}
 p - a potion of lignification {unknown}
 r - 2 potions of resistance {unknown}
 s - a potion of cancellation {unknown}
 t - a potion of ambrosia {unknown}
 x - a potion of degeneration {unknown}
Comestibles
 c - 4 rations


   Skills:
 + Level 6.1 Fighting
 * Level 8.8 Axes
 + Level 4.2 Dodging
 - Level 1.5 Stealth
 + Level 0.0 Invocations


You had 5 spell levels left.
You knew the following spells:

 Your Spells              Type           Power        Failure   Level  Hunger
a - Confusing Touch       Hex            #.....       43%         1    ##.....

Your spell library contained the following spells:

 Spells                   Type           Power        Failure   Level  Hunger
 Confuse                  Hex            #.......     82%         3    ####...
 Gell's Gravitas          Tloc           #.........   82%         3    ####...
 Petrify                  Tmut/Erth      #.......     99%         4    #####..
 Metabolic Englaciation   Hex/Ice        #.........   100%        5    ######.
 Yara's Violent Unravell  Hex/Tmut       #.........   100%        5    ######.


Dungeon Overview and Level Annotations

Branches:
Dungeon (5/15)              Sewer (visited)
 Temple: D:4-7

Altars:
Ashenzari
Dithmenos
Ru
Trog
Uskayaw
Yredelemnul

Annotations:
D:3 3 runed translucent doors, lepoulpe303's ghost, amateur OpAs


Message History

The sky beast is almost dead.
The sky beast barely misses you.
You hit the sky beast but do no damage.
The sky beast is almost dead.
The sky beast hits you but does no damage.
You hit the sky beast.
The sky beast is almost dead.
The sky beast flickers out of sight!
Deactivating autopickup; reactivate with Ctrl-A.
Something hits you.
* * * LOW HITPOINT WARNING * * *
Something shocks you.
* * * LOW HITPOINT WARNING * * *
There is a strange disturbance nearby!
Okay, then.
You feel agile all of a sudden. Something hits you.
* * * LOW HITPOINT WARNING * * *
Something shocks you.
You die...

#.....#.#......#
#..##.#.....o#.#.
#..##...#........#
#..##.#.#.#.##.#.##
#.....#...........
#..##.#.#.##.###?#
#..##..............
#..##.#.##.###.# ##
##@##.#.##.###.####
#.{..........%....
###.##.####..##...
#.........###...
#########.. +...
#####... #... #...
#...


There were no monsters in sight!

Vanquished Creatures
  Purgy (Sewer)
  A sky beast (D:5)
  A howler monkey (D:4)
  A bullfrog skeleton (D:5)
  A hound (D:4)
  3 orc wizards (D:4)
  A centaur skeleton (D:4)
  Jessica (D:3)
  3 worker ants (D:5)
  4 gnolls (D:2)
  6 adders
  A shadow imp (D:5)
  3 oozes
  An adder skeleton (D:4)
  2 worms
  3 dart slugs
  3 leopard geckos
  17 orcs
  15 bats
  4 giant cockroaches
  13 goblins
  15 hobgoblins
  4 jackals (D:4)
  12 kobolds
  6 quokkas
  A ball python (D:4)
  A ball python skeleton (D:5)
  4 frilled lizards
  A leopard gecko skeleton (D:4)
  12 rats
141 creatures vanquished.

Vanquished Creatures (others)
  A crimson imp (D:5)
  An orc priest (D:5)
2 creatures vanquished.

Grand Total: 143 creatures vanquished

Notes
Turn   | Place    | Note
-------+----------+-------------------------------------------
     0 | D:1      | raph the Hill Orc Monk began the quest for the Orb.
     0 | D:1      | Reached XP level 1. HP: 19/19 MP: 1/1
   183 | D:1      | Reached XP level 2. HP: 17/27 MP: 2/2
   669 | D:1      | Reached XP level 3. HP: 25/33 MP: 3/3
   793 | D:1      | Reached skill level 5 in Axes
  1306 | D:2      | Reached XP level 4. HP: 37/40 MP: 4/4
  1976 | D:2      | Reached XP level 5. HP: 38/47 MP: 5/5
  2100 | D:2      | Reached skill level 6 in Axes
  2676 | D:3      | Noticed Jessica
  2767 | D:3      | Killed Jessica
  3097 | D:3      | Reached skill level 5 in Fighting
  3097 | D:3      | Reached XP level 6. HP: 56/56 MP: 6/6
  3468 | D:3      | Found a runed translucent gate.
  3469 | D:3      | Noticed lepoulpe303's ghost (amateur OpAs)
  3470 | D:3      | Found a runed translucent gate.
  3471 | D:3      | Found a runed translucent gate.
  3866 | D:4      | Reached skill level 7 in Axes
  3974 | D:4      | Found a hide-covered altar of Uskayaw.
  3978 | D:4      | Found a shattered altar of Ashenzari.
  3985 | D:4      | Found a sacrificial altar of Ru.
  3993 | D:4      | Found a basalt altar of Yredelemnul.
  4004 | D:4      | Found a bloodstained altar of Trog.
  4091 | D:4      | Found a glowing drain.
  4095 | Sewer    | Entered a sewer
  4146 | Sewer    | Noticed Purgy
  4157 | Sewer    | Killed Purgy
  4407 | D:4      | Reached XP level 7. HP: 47/61 MP: 7/7
  4619 | D:4      | Found a shadowy altar of Dithmenos.
  4642 | D:4      | Reached skill level 8 in Axes
  4790 | D:4      | Learned a level 1 spell: Confusing Touch
  4879 | D:5      | Entered Level 5 of the Dungeon
  4935 | D:5      | Became a worshipper of Beogh the Brigand
  4935 | D:5      | Reached * piety under Beogh
  4935 | D:5      | Reached ** piety under Beogh
  5412 | D:5      | Slain by a sky beast

Levels and vault maps discovered:
D:1:      wander_arrival_peaceful_grave, layout_rooms, minmay_circled_x
D:2:      layout_rooms, first_ration
D:3:      layout_loops_ring, ebering_ghost_rock_garden, guppyfry_early_orc_mine,
          uniq_jessica
D:4:      layout_rooms, nicolae_dithmenos_the_darkroom,
          minmay_overflow_temple_star_hex, gup_sewer_entry_bowl
D:5:      old_forge, layout_basic, minitemple, minmay_diced_spiral

Skill      XL: |  1  2  3  4  5  6  7 |
---------------+----------------------+-----
Fighting       | 4 5 6 |  6.1
Axes           | 5 6 7 8 |  8.8
Dodging        | 3 4 |  4.2
Stealth        | |  1.5

Action                   |  1- 3 |  4- 6 |  7- 9 || total
-------------------------+-------+-------+-------++-------
Melee: Hand axe          |   136 |   335 |   133 ||   604
Throw: Stone             |       |     8 |       ||     8
Invok: Convert to Beogh  |       |       |     1 ||     1
  Use: Scroll            |       |    11 |     1 ||    12
       Potion            |       |     1 |     1 ||     2
 Stab: Sleeping          |     1 |     1 |       ||     2
  Eat: Chunk             |     1 |    11 |     1 ||    13
       Ration            |       |       |     1 ||     1
Armor: Robe              |    13 |       |       ||    13
       Ring mail         |    40 |    50 |       ||    90
       Leather armour    |       |    60 |    40 ||   100
Dodge: Dodged            |   111 |   231 |    62 ||   404
